 Dungeon Crawl Stone Soup version 0.31-a0-162-gc4c5a43528 (webtiles) character file.

Game seed: 17679407779761053287

207 qw the Shooter (level 5, -1/49 HPs)
             Began as a Naga Hunter on June 12, 2023.
             Slain by a gnoll
             ... wielding a +0 halberd
              (4 damage)
             ... on level 4 of the Dungeon.
             The game lasted 00:00:47 (2078 turns).

qw the Shooter (Naga Hunter)                        Turns: 2078, Time: 00:00:47

Health: -1/49      AC:  7    Str: 13    XL:     5   Next: 85%
Magic:  5/5        EV:  7    Int:  9    God:
Gold:   124        SH:  0    Dex: 17    Spells: 4/4 levels left

rFire   . . .        Y - +0 shortbow
rCold   + . .        (shield currently unavailable)
rNeg    . . .        c - +0 leather armour
rPois   +            (no helmet)
rElec   .            (no cloak)
rCorr   .            (no gloves)
SInv    +            f - +0 barding
Will    .....        (no amulet)
Stlth   ++           g - ring of protection from cold
HPRegen 0.28/turn    (no ring)
MPRegen 0.09/turn

%: no passive effects
@: about to teleport, short of breath, very slow
A: AC +1, large, see invisible, deformed body, poison resistance, slowness 2,
spit poison 1, naga tail 1
a: Spit Poison


You were on level 4 of the Dungeon.
You visited 1 branch of the dungeon, and saw 4 of its levels.

You collected 124 gold pieces.


Innate Abilities, Weirdness & Mutations

Your serpentine skin is tough. (AC +1)
You have supernaturally acute eyesight. (SInv)
Armour fits poorly on your strangely shaped body.
Your system is resistant to poisons. (rPois)
You cover ground very slowly.
You can spit poison.
You have a snake-like lower body.


   Skills:
 - Level 3.3 Fighting
 + Level 5.3 Ranged Weapons
 - Level 1.5 Armour
 - Level 1.5 Dodging
 - Level 1.5 Stealth


You had 4 spell levels left.
You didn't know any spells.
Your spell library was empty.

Inventory:

Hand Weapons
 Y - a +0 shortbow (weapon)
Armour
 c - a +0 leather armour (worn)
 f - a +0 barding (worn)
Jewellery
 g - a ring of protection from cold (left hand)
Scrolls
 a - 2 scrolls of teleportation
 j - a scroll of identify
Potions
 b - a potion of brilliance {unknown}
 d - a potion of enlightenment {unknown}
 e - 2 potions of haste
 h - a potion of curing {unknown}
 i - a potion of heal wounds {unknown}
 k - a potion of attraction {unknown}

Dungeon Overview and Level Annotations

Branches:
Dungeon (4/15)
 Temple: D:4-7

Altars:
The Shining One

Shops:
D:2 (


Message History

You shoot an arrow. The arrow hits the gnoll!
The gnoll is heavily wounded.
The gnoll hits you but does no damage. The gnoll barely misses you.
You shoot an arrow. The arrow hits the gnoll.
The gnoll is severely wounded.
You have got your breath back.
The gnoll hits you but does no damage. The gnoll barely misses you.
2071 ||| INVOKING Spit Poison.
Aiming: Spit Poison (1% risk of failure)
Press: ? - help, Shift-Dir - straight line, f/p - gnoll The splash of poison hits the gnoll.
The gnoll is poisoned.
You kill the gnoll!
The gnoll hits you from afar with a +0 halberd.
You shoot an arrow.
The arrow hits the gnoll but does no damage.
The gnoll hits you but does no damage. The gnoll barely misses you.
You shoot an arrow. The arrow hits the ogre!
The ogre is moderately wounded.
The gnoll hits you but does no damage.
You shoot an arrow. The arrow barely misses the ogre.
The gnoll closely misses you. The ogre closely misses you.
You shoot an arrow. The arrow hits the ogre!
The ogre is heavily wounded.
The gnoll hits you but does no damage. The ogre hits you but does no damage.
You shoot an arrow. The arrow hits the ogre!
The ogre is almost dead.
You have got your breath back.
The gnoll closely misses you.
2077 ||| INVOKING Spit Poison.
Aiming: Spit Poison (1% risk of failure)
Press: ? - help, Shift-Dir - straight line, f/p - ogre The splash of poison hits the ogre but does no damage.
The ogre is poisoned.
The ogre is almost dead.
The gnoll barely misses you. The ogre hits you with a +0 giant club!
2078 ||| READING 3 scrolls of teleportation.
As you read the scroll of teleportation, it crumbles to dust.
You feel strangely unstable.
The gnoll hits you from afar with a +0 halberd.
You die...

.# .##.# .# .##.# .#
#.##.######### %#
#.##.#.......# .#
#.##.#.#####.#
.####.##.#.#####.#
.............)>..#
.........%...#...#
...#.........#..@#
...#.........#.O))......
...+.##.#)#.##.#..g.....
...###<........#........
......#.#.#.#..#........
....##.........#........
... ##.#.#.## ###.#####
## .).....# .. #.# #.##


You could see an ogre (poisoned) and a gnoll.

Vanquished Creatures
  A scorpion (D:3)
  A hound (D:4)
  4 gnolls (D:4)
  An adder (D:3)
  A worm (D:2)
  2 dart slugs (D:1)
  3 orcs
  8 endoplasms
  6 giant cockroaches
  6 goblins
  7 hobgoblins
  2 quokkas
  5 ball pythons
  4 bats
  2 frilled lizards
  4 kobolds
  2 rats (D:1)
59 creatures vanquished.

Notes
Turn   | Place    | Note
-------+----------+-------------------------------------------
     0 | D:1      | qw the Naga Hunter began the quest for the Orb.
     0 | D:1      | Reached XP level 1. HP: 19/19 MP: 1/1
     0 | D:1      | 0 ||| qw: Version: 0.2-a-29-gc1b59c4
     0 | D:1      | 0 ||| qw: Game counter: 4325
     0 | D:1      | 0 ||| qw: Always use a shield: true
     0 | D:1      | 0 ||| qw: God list: Okawaru
     0 | D:1      | 0 ||| qw: Allow faded altars: false
     0 | D:1      | 0 ||| qw: Do Orc after D:15 true
     0 | D:1      | 0 ||| qw: Do second Lair branch before Depths: true
     0 | D:1      | 0 ||| qw: Lair rune preference: random
     0 | D:1      | 0 ||| qw: Plans: Normal
     0 | D:1      | 0 ||| PLANNING D:1-11
    12 | D:1      | 12 ||| INVOKING Spit Poison.
    38 | D:1      | 38 ||| INVOKING Spit Poison.
   103 | D:1      | 103 ||| FLEEEEING.
   107 | D:1      | 107 ||| FLEEEEING.
   108 | D:1      | 108 ||| FLEEEEING.
   109 | D:1      | 109 ||| FLEEEEING.
   110 | D:1      | 110 ||| FLEEEEING.
   113 | D:1      | 113 ||| FLEEEEING.
   114 | D:1      | 114 ||| FLEEEEING.
   115 | D:1      | 115 ||| FLEEEEING.
   116 | D:1      | 116 ||| FLEEEEING.
   117 | D:1      | 117 ||| FLEEEEING.
   118 | D:1      | 118 ||| FLEEEEING.
   119 | D:1      | 119 ||| FLEEEEING.
   126 | D:1      | 126 ||| FLEEEEING.
   127 | D:1      | 127 ||| FLEEEEING.
   128 | D:1      | 128 ||| FLEEEEING.
   135 | D:1      | 135 ||| INVOKING Spit Poison.
   169 | D:1      | 169 ||| INVOKING Spit Poison.
   245 | D:1      | 245 ||| INVOKING Spit Poison.
   247 | D:1      | Reached skill level 4 in Ranged Weapons
   247 | D:1      | Reached XP level 2. HP: 25/26 MP: 2/2
   249 | D:1      | 249 ||| INVOKING Spit Poison.
   250 | D:1      | 250 ||| INVOKING Spit Poison.
   285 | D:1      | 285 ||| INVOKING Spit Poison.
   328 | D:1      | 328 ||| INVOKING Spit Poison.
   409 | D:1      | 409 ||| INVOKING Spit Poison.
   414 | D:1      | 414 ||| INVOKING Spit Poison.
   428 | D:1      | 428 ||| INVOKING Spit Poison.
   432 | D:1      | 432 ||| INVOKING Spit Poison.
   483 | D:1      | 483 ||| FLEEEEING.
   484 | D:1      | 484 ||| FLEEEEING.
   485 | D:1      | 485 ||| FLEEEEING.
   486 | D:1      | 486 ||| FLEEEEING.
   488 | D:1      | 488 ||| FLEEEEING.
   489 | D:1      | 489 ||| INVOKING Spit Poison.
   769 | D:1      | 769 ||| INVOKING Spit Poison.
   773 | D:1      | Reached XP level 3. HP: 32/32 MP: 3/3
   775 | D:1      | 775 ||| INVOKING Spit Poison.
   917 | D:1      | 917 ||| UPGRADING to +0 barding.
   922 | D:1      | 922 ||| READING scroll labelled JETHOG QOSK.
   923 | D:1      | 923 ||| READING scroll labelled LOETUTENUMUL.
   927 | D:1      | 927 ||| READING scroll labelled DOUMUWN VICO.
   928 | D:1      | 928 ||| READING 3 scrolls labelled LOATHO LEVU.
   929 | D:1      | 929 ||| READING 2 scrolls of identify.
   929 | D:1      | 929 ||| IDENTIFYING bubbling yellow potion
   930 | D:1      | 930 ||| DROPPING scroll of butterflies.
   950 | D:2      | 950 ||| INVOKING Spit Poison.
   977 | D:2      | Found a glowing golden altar of the Shining One.
   992 | D:2      | 992 ||| INVOKING Spit Poison.
  1009 | D:2      | 1009 ||| INVOKING Spit Poison.
  1019 | D:2      | 1019 ||| INVOKING Spit Poison.
  1028 | D:2      | 1028 ||| INVOKING Spit Poison.
  1065 | D:2      | 1065 ||| INVOKING Spit Poison.
  1129 | D:2      | 1129 ||| INVOKING Spit Poison.
  1162 | D:2      | Found Zoiffag's Weapon Emporium.
  1216 | D:2      | 1216 ||| INVOKING Spit Poison.
  1320 | D:3      | 1320 ||| INVOKING Spit Poison.
  1369 | D:3      | 1369 ||| INVOKING Spit Poison.
  1394 | D:3      | Found a faded altar of an unknown god.
  1402 | D:3      | 1402 ||| INVOKING Spit Poison.
  1413 | D:3      | 1413 ||| INVOKING Spit Poison.
  1424 | D:3      | 1424 ||| INVOKING Spit Poison.
  1428 | D:3      | Reached skill level 5 in Ranged Weapons
  1442 | D:3      | 1442 ||| INVOKING Spit Poison.
  1443 | D:3      | Reached XP level 4. HP: 39/39 MP: 4/4
  1491 | D:3      | 1491 ||| INVOKING Spit Poison.
  1512 | D:3      | Noticed a scorpion
  1515 | D:3      | 1515 ||| INVOKING Spit Poison.
  1517 | D:3      | Killed a scorpion
  1518 | D:3      | Reached skill level 3 in Fighting
  1518 | D:3      | Reached XP level 5. HP: 49/49 MP: 5/5
  1633 | D:3      | 1633 ||| INVOKING Spit Poison.
  1636 | D:3      | 1636 ||| INVOKING Spit Poison.
  1753 | D:3      | 1753 ||| INVOKING Spit Poison.
  1788 | D:3      | 1788 ||| INVOKING Spit Poison.
  1799 | D:3      | 1799 ||| INVOKING Spit Poison.
  1802 | D:3      | 1802 ||| INVOKING Spit Poison.
  1972 | D:3      | 1972 ||| UPGRADING to ring of protection from cold.
  1982 | D:4      | 1982 ||| INVOKING Spit Poison.
  1992 | D:4      | 1992 ||| INVOKING Spit Poison.
  2020 | D:4      | 2020 ||| INVOKING Spit Poison.
  2026 | D:4      | 2026 ||| INVOKING Spit Poison.
  2027 | D:4      | Reached skill level 1 in Armour
  2033 | D:4      | 2033 ||| INVOKING Spit Poison.
  2057 | D:4      | 2057 ||| INVOKING Spit Poison.
  2060 | D:4      | 2060 ||| INVOKING Spit Poison.
  2064 | D:4      | 2064 ||| INVOKING Spit Poison.
  2068 | D:4      | Noticed an ogre
  2071 | D:4      | 2071 ||| INVOKING Spit Poison.
  2077 | D:4      | 2077 ||| INVOKING Spit Poison.
  2077 | D:4      | HP: 2/49 [ogre/+0 giant club (16)]
  2078 | D:4      | 2078 ||| READING 3 scrolls of teleportation.
  2078 | D:4      | Slain by a gnoll

Levels and vault maps discovered:
D:1:      minmay_arrival_split_and_join, layout_basic, serial_forest,
          infiniplex_forest_lined_3, infiniplex_forest_straight_3,
          infiniplex_forest_lined_room_2, infiniplex_forest_lined_corner,
          infiniplex_forest_lined_2, infiniplex_forest_clump_cross,
          infiniplex_forest_end_2, infiniplex_forest_clump_tiny
D:2:      layout_rooms, basic_altar, serial_shops, shop_fountains
D:3:      layout_loops_ring, hellmonk_ecumenical_altar_arch_garden,
          kennysheep_cross_bottleneck
D:4:      layout_basic, serial_shops, shop, chequers_serial_rivers_small_3,
          st_stairs_8, dilly_guarded_unrand_morg

Skill      XL: |  1  2  3  4  5 |
---------------+----------------+-----
Ranged Weapons | 4 5 |  5.3
Fighting       | 3 |  3.3
Armour         | 1 |  1.5
Dodging        | |  1.5
Stealth        | |  1.5

Action                     |  1- 3 |  4- 6 || total
---------------------------+-------+-------++-------
   Fire: Shortbow          |    52 |    38 ||    90
Ability: Spit Poison       |    29 |    18 ||    47
    Use: Scroll            |     5 |     1 ||     6
 Armour: Leather armour    |     6 |     9 ||    15
  Dodge: Dodged            |    12 |    13 ||    25

Table legend:
 A = Non-vault XP
 B = Vault XP
 C = Vault XP percentage of total XP
 D = Non-vault monster count
 E = Vault monster count
 F = Vault count percentage of total count
                 A         B        C        D         E       F
            +---------+---------+-------+---------+---------+-------
      Total |     293 |       3 |   1.0 |      58 |       1 |   1.7
            +---------+---------+-------+---------+---------+-------
        D:1 |      40 |       0 |   0.0 |      22 |       0 |   0.0
        D:2 |      30 |       0 |   0.0 |      15 |       0 |   0.0
        D:3 |     118 |       0 |   0.0 |      14 |       0 |   0.0
        D:4 |     105 |       3 |   2.8 |       7 |       1 |  12.5
            +---------+---------+-------+---------+---------+-------
